 Dungeon Crawl Stone Soup version 0.15-a0-1015-g702813b (webtiles) character file.

204 Gruud the Chiller (level 5, 0/35 HPs)
             Began as a Demonspawn Ice Elementalist on May 26, 2014.
             Slain by a gnoll
             ... wielding a +0,+0 spear
              (3 damage)
             ... on Level 4 of the Dungeon.
             The game lasted 00:14:50 (2563 turns).

Gruud the Chiller (Demonspawn Ice Elementalist)     Turns: 2563, Time: 00:14:50

HP   0/35        AC  3     Str  8      XL: 5   Next: 52%
MP   1/11        EV 12     Int 18      God:
Gold 140         SH  0     Dex 13      Spells:  2 memorised,  7 levels left

rFire  . . .     SeeInvis .     y - +0 morningstar
rCold  . . .     Clarity  .     a - +0 robe
rNeg   . . .     Conserve .     (no shield)
rPois  .         rCorr    .     (helmet restricted)
rElec  .         rRot     +     (no cloak)
SustAb +         Spirit   .     (no gloves)
rMut   .         Warding  .     (no boots)
Gourm  .         Stasis   .     (no amulet)
MR     .....                    d - ring of sustain abilities
                                z - ring of flight

@: very slightly contaminated, not resistant to hostile enchantments, unstealthy
A: horns 1, molten scales 1, powered by pain 1, rot immunity
a: Evoke Flight


You were on level 4 of the Dungeon.
You were hungry.

You visited 1 branch of the dungeon, and saw 4 of its levels.

You collected 140 gold pieces.

Inventory:

Hand weapons
 s - a +0,+0 sling
 x - a +0,+0 flail
 y - a +0,+0 morningstar (weapon)
 E - a +1,+2 hand axe
Missiles
 g - 3 exploding darts (quivered)
 q - 3 silver javelins
 t - 33 stones
 C - 15 poisoned needles
Armour
 a - a +0 robe (worn)
Comestibles
 c - 4 bread rations
Scrolls
 j - a scroll of teleportation
 k - a scroll of random uselessness {unknown}
 m - a scroll of immolation {unknown}
 n - a scroll of amnesia {unknown}
 p - a scroll of magic mapping {unknown}
 u - 2 scrolls of noise {unknown}
 w - 2 scrolls of enchant weapon I {unknown}
Jewellery
 d - a ring of sustain abilities (right hand)
 z - a ring of flight (left hand)
Potions
 f - a potion of might {unknown}
 h - a potion of curing
 i - a potion of poison {unknown}
 l - a potion of heal wounds {unknown}
 o - a potion of confusion {unknown}
 r - a potion of invisibility {unknown}
 B - a potion of degeneration {unknown}
 D - a potion of restore abilities {unknown}
Books
 b - a book of Frost

   Spells                             Type                      Level
   *Freeze                            Ice                          1
   *Throw Frost                       Conjuration/Ice              2
   Ozocubu's Armour                   Charms/Ice                   3
   Throw Icicle                       Conjuration/Ice              4
   Summon Ice Beast                   Ice/Summoning                4
   Condensation Shield                Ice                          4


   Skills:
 - Level 1.7 Dodging
 - Level 1.7 Stealth
 + Level 3.3 Spellcasting
 - Level 1.0 Conjurations
 * Level 5.0 Ice Magic


You had 7 spell levels left.
You knew the following spells:

 Your Spells              Type           Power        Failure   Level  Hunger
a - Freeze                Ice            ###.         1%          1    None
b - Throw Frost           Conj/Ice       ##....       10%         2    ##.....


Dungeon Overview and Level Annotations

Branches:
Dungeon (4/15)
 Temple: D:4-7

Altars:
Kikubaaqudgha


Innate Abilities, Weirdness & Mutations

You have a pair of small horns on your head.
You are partially covered in molten scales (AC +1).
You sometimes gain a little power by taking damage.
You are immune to rotting.


Message History

The gnoll hits you with a falchion.
* * * LOW HITPOINT WARNING * * *
The gnoll misses you.
You thump the gnoll!
You kill the gnoll!
The gnoll closely misses you. The gnoll hits you with a spear.
* * * LOW HITPOINT WARNING * * *
Things that are here:
a falchion; a tomahawk You barely miss the gnoll.
You headbutt the gnoll.
The gnoll is moderately wounded.
The gnoll hits you with a spear.
* * * LOW HITPOINT WARNING * * *
You barely miss the gnoll.
The gnoll is moderately wounded.
The gnoll hits you with a spear.
* * * LOW HITPOINT WARNING * * *
The gnoll hits you with a spear.
You die...

#+ #. #.# #..## ###+##
######..###### #.....
..............######.....
#######.####......'.....
#@# ########..... #g#
#..... #g# #...). #.#
####'# #.## #.# ###+
#..## #.. ..... ##..# ###
.....<.#### ##'### #
.....ogo..# #.o.(# #


You could see 2 gnolls.

Vanquished Creatures
  An orc priest (D:2)
  Terence (D:3)
  2 gnolls (D:4)
  6 adders
  A giant mite (D:3)
  2 worms
  5 giant geckos
  7 orcs
  6 bats
  5 giant cockroaches
  6 goblins
  7 hobgoblins
  4 kobolds
  2 ball pythons
  3 giant newts
  7 rats
65 creatures vanquished.

Notes
Turn   | Place    | Note
--------------------------------------------------------------
     0 | D:1      | Gruud, the Demonspawn Ice Elementalist, began the quest for the Orb.
     0 | D:1      | Reached XP level 1. HP: 13/13 MP: 3/3
   110 | D:1      | Reached skill level 3 in Ice Magic
   267 | D:1      | Gained mutation: You sometimes gain a little power by taking damage. [demonic ancestry]
   267 | D:1      | Reached XP level 2. HP: 11/19 MP: 4/4
   541 | D:1      | Learned a level 2 spell: Throw Frost
   884 | D:2      | Gained mutation: You have a pair of small horns on your head. [demonic ancestry]
   884 | D:2      | Reached XP level 3. HP: 18/24 MP: 0/6
  1050 | D:2      | Reached skill level 4 in Ice Magic
  1166 | D:2      | Gained mutation: You are immune to rotting. [demonic ancestry]
  1166 | D:2      | Reached XP level 4. HP: 27/30 MP: 8/8
  1684 | D:3      | Noticed a necrophage
  1739 | D:4      | Gained mutation: You are partially covered in molten scales (AC +1). [demonic ancestry]
  1739 | D:4      | Reached XP level 5. HP: 35/35 MP: 11/11
  1844 | D:3      | Found an ancient bone altar of Kikubaaqudgha.
  1883 | D:3      | Noticed Terence
  1891 | D:3      | Killed Terence
  2161 | D:3      | Noticed a sky beast
  2429 | D:4      | Sky beast & Necrophage at d:3, this will be a fun round
  2531 | D:4      | Reached skill level 5 in Ice Magic
  2563 | D:4      | Slain by a gnoll

Action                   |  1- 3 |  4- 6 || total
-------------------------+-------+-------++-------
Melee: Unarmed           |    19 |       ||    19
       Mace              |    29 |    16 ||    45
       Morningstar       |       |    68 ||    68
 Cast: Freeze            |    32 |    24 ||    56
       Throw Frost       |     8 |     9 ||    17
  Use: Scroll            |     3 |       ||     3
       Potion            |       |     1 ||     1
 Stab: Sleeping          |     1 |     3 ||     4
